 Dungeon Crawl Stone Soup version 0.20.1-1-g8b1a95d (webtiles) character file.

303 Volvorun the Slasher (level 6, 0/48 HPs)
             Began as a Human Chaos Knight on Sept 10, 2017.
             Slain by Grinder (4 damage)
             ... while paralysed by Grinder
             ... on level 3 of the Dungeon.
             The game lasted 00:27:12 (1701 turns).

Volvorun the Slasher (Human Chaos Knight)           Turns: 1701, Time: 00:27:13

Health: 0/48       AC: 10    Str: 15    XL:     6   Next: 66%
Magic:  6/6        EV:  2    Int:  9    God:    Xom [.*....]
Gold:   62         SH:  0    Dex: 12    Spells: 5/5 levels left

rFire    . . .     SeeInvis .   a - +0 falchion (chaos)
rCold    . . .     Gourm    .   z - +0 large shield
rNeg     . . .     Faith    .   y - +0 chain mail
rPois    .         Spirit   .   (no helmet)
rElec    .         Reflect  .   k - +0 cloak
rCorr    .         Harm     .   (no gloves)
MR       +....                  (no boots)
Stlth    ..........             (no amulet)
Regen    0.2/turn               q - ring of protection from magic
MPRegen  0.1/turn               s - -3 ring of intelligence (curse)

@: paralysed
A: no striking features
a: Renounce Religion


You were on level 3 of the Dungeon.
You worshipped Xom.
You were a plaything of Xom.
You were not hungry.

You visited 1 branch of the dungeon, and saw 3 of its levels.

You collected 62 gold pieces.

Inventory:

Hand Weapons
 a - a +0 falchion of chaos (weapon)
 t - a +0 short sword
 w - a +0 spear
 x - a +1 trident of freezing
 B - a +2 scythe of slicing
Missiles
 r - a throwing net (quivered)
Armour
 b - a +2 leather armour
 i - a +0 leather armour
 k - a +0 cloak (worn)
 l - a +0 robe
 m - a +0 leather armour
 y - a +0 chain mail (worn)
 z - a +0 large shield (worn)
 C - a +2 robe of resistance
 F - a +0 ring mail
Jewellery
 q - a ring of protection from magic (left hand)
 s - a cursed -3 ring of intelligence (right hand)
Scrolls
 d - 2 scrolls of teleportation {unknown}
 e - a scroll of noise {unknown}
 j - 2 scrolls of fear {unknown}
 p - 2 scrolls of identify {unknown}
 D - a scroll of recharging {unknown}
 E - a scroll of immolation {unknown}
 G - a scroll of remove curse {unknown}
 I - a scroll of enchant armour {unknown}
Potions
 c - 2 potions of might {unknown}
 f - a potion of mutation {unknown}
 h - a potion of lignification {unknown}
 n - 2 potions of resistance {unknown}
 o - a potion of agility {unknown}
 u - a potion of curing {unknown}
 A - a potion of haste
 H - a potion of cancellation {unknown}
Comestibles
 g - a fruit
 v - 2 meat rations


   Skills:
 + Level 4.1 Fighting
 + Level 5.2 Long Blades
 + Level 1.1 Polearms
 + Level 3.1 Armour
 + Level 2.0 Dodging
 + Level 0.2 Stealth
 + Level 0.2 Shields


You had 5 spell levels left.
You didn't know any spells.

Dungeon Overview and Level Annotations

Branches:
Dungeon (3/15)

Altars:
Dithmenos
Kikubaaqudgha
Uskayaw

Annotations:
D:3 Grinder


Message History

You hit Grinder but do no damage.
Grinder is almost dead.
Grinder hits you.
* * * LOW HITPOINT WARNING * * *
You writhe in agony.
* * * LOW HITPOINT WARNING * * *
You hit Grinder but do no damage.
Grinder flickers and vanishes!
Deactivating autopickup; reactivate with Ctrl-A.
Xom is amused.
Something hits you but does no damage.
Press: ? - help, v - describe, . - travel The floor.
Your shield and chain mail prevent you from hitting something.
You closely miss something.
You suddenly lose the ability to move!
Something hits you but does no damage. Something hits you!
* * * LOW HITPOINT WARNING * * *
You writhe in agony.
You die... "Huh?
Did I miss anything?"

.. ###.# ....# # #...##
.# ### #....#..# #..
#...##..# #.#####...#...#
#.....@.....#
###########..####.#.#....
.÷.........[.......># #
########.###......#.#
###### #.# ######.#.#
.....# #.# #.#.# .....#
#.# #.†.# .....# #.#
#.### .##### #.# #.#


There were no monsters in sight!

Vanquished Creatures
  Sigmund (D:3)
  Jessica (D:2)
  Terence (D:2)
  A killer bee zombie (D:3)
  3 adders
  An ooze (D:2)
  2 dart slugs
  A worm (D:3)
  A leopard gecko (D:1)
  5 giant cockroaches
  6 goblins
  5 hobgoblins
  3 jackals (D:1)
  A quokka (D:2)
  A ball python (D:2)
  3 bats
  2 frilled lizards
  6 kobolds
  3 rats
47 creatures vanquished.

Vanquished Creatures (others)
  A giant cockroach (D:3)
  A hobgoblin (D:3)
2 creatures vanquished.

Grand Total: 49 creatures vanquished

Notes
Turn   | Place    | Note
-------+----------+-------------------------------------------
     0 | D:1      | Volvorun the Human Chaos Knight began the quest for the Orb.
     0 | D:1      | Reached XP level 1. HP: 18/18 MP: 1/1
    95 | D:1      | Reached XP level 2. HP: 24/24 MP: 2/2
    97 | D:1      | XOM: divination: magic mapping
   514 | D:2      | Reached XP level 3. HP: 21/29 MP: 3/3
   657 | D:2      | Found a hide-covered altar of Uskayaw.
   657 | D:2      | Found an ancient bone altar of Kikubaaqudgha.
   774 | D:2      | XOM: divination: detect items
   792 | D:2      | Reached XP level 4. HP: 36/36 MP: 4/4
   812 | D:2      | Found a shadowy altar of Dithmenos.
   813 | D:2      | Noticed Jessica
   825 | D:2      | Killed Jessica
   825 | D:2      | Reached skill level 4 in Long Blades
  1005 | D:2      | Noticed Terence
  1009 | D:2      | XOM: butterfly on damage
  1014 | D:2      | Killed Terence
  1014 | D:2      | Reached XP level 5. HP: 10/42 MP: 5/5
  1057 | D:2      | XOM: divination: detect items
  1158 | D:2      | XOM: summons 2 hostile shadow creatures
  1252 | D:3      | Noticed Sigmund
  1265 | D:3      | Killed Sigmund
  1265 | D:3      | Reached skill level 5 in Long Blades
  1265 | D:3      | Reached skill level 1 in Polearms
  1265 | D:3      | Reached XP level 6. HP: 17/48 MP: 6/6
  1539 | D:3      | Noticed Grinder
  1554 | D:3      | Paralysed by Grinder for 6 turns
  1559 | D:3      | XOM: polymorph Grinder -> Grinder
  1580 | D:3      | Paralysed by Grinder for 7 turns
  1689 | D:3      | XOM: enchant monster (good)
  1699 | D:3      | Paralysed by something for 7 turns
  1701 | D:3      | Slain by Grinder

Skill      XL: |  1  2  3  4  5 |
---------------+----------------+-----
Long Blades    | 4 5 |  5.2
Fighting       | 4 |  4.1
Polearms       | 1 |  1.1
Armour         | 3 |  3.1
Dodging        | 2 |  2.0
Stealth        | |  0.2
Shields        | |  0.2

Action                   |  1- 3 |  4- 6 || total
-------------------------+-------+-------++-------
Melee: Falchion          |    92 |    87 ||   179
       Trident           |       |    14 ||    14
 Stab: Petrifying        |       |     1 ||     1
  Eat: Bread ration      |       |     1 ||     1
Armor: Leather armour    |    34 |    10 ||    44
       Chain mail        |       |    43 ||    43
Dodge: Dodged            |    61 |    20 ||    81
Block: Large shield      |       |    30 ||    30
       Rpst.: Falchion   |    17 |     6 ||    23
